 Dungeon Crawl Stone Soup version 0.30.1-3-gfc49f6343a (webtiles) character file.

Game seed: 15832694390509647385

34234 Pepete the Destroyer (level 13, -17/69 (71) HPs)
             Began as a Demonspawn Fire Elementalist on July 25, 2023.
             Was an Elder of Vehumet.
             Killed from afar by a bog body (34 damage)
             ... with a bolt of cold
             ... in an ice cave.
             The game lasted 00:45:07 (41107 turns).

Pepete the Destroyer (DsFE)                        Turns: 41107, Time: 00:45:08

HP:   -17/69 (71)   AC: 14    Str: 16    XL:     13   Next: 41%
MP:   0/29          EV: 16    Int: 25    God:    Vehumet [****..]
Gold: 1026          SH: 12    Dex: 19    Spells: 23/36 levels left

rFire   + . .        (no weapon)
rCold   . . .        A - +2 kite shield
rNeg    . . .        k - +1 robe {Archmagi}
rPois   +            j - +2 helmet
rElec   +            t - +0 cloak
rCorr   .            g - +1 pair of gloves of the Furies {rElec rF+ Regen+ Int+4}
SInv    .            M - +0 pair of boots
Will    .....        J - amulet of faith
Stlth   ++           q - +6 ring of dexterity
HPRegen 1.11/turn    D - +6 ring of strength
MPRegen 0.42/turn

%: guardian spirit, faith, archmagi
@: mighty, agile, hasted and slowed, lightly drained
A: slimy green scales 3, powered by pain 2, magic shield, magic regeneration,
demonic touch 2, talons 1, frail 1
a: Renounce Religion


You were in an ice cave.
You worshipped Vehumet.
Vehumet was greatly pleased with you.
You visited 3 branches of the dungeon, and saw 16 of its levels.
You also visited: Ice Cave.

You collected 1125 gold pieces.
You spent 99 gold pieces at shops.

Inventory:

Hand Weapons
 h - a +0 rapier
 P - a +2 eveningstar of protection
 R - the +4 rapier "Sylair" {drain, Str+3 Dex+4}
   (You found it on level 4 of the Lair of Beasts)

   Str:       It affects your strength (+3).
   Dex:       It affects your dexterity (+4).
Missiles
 a - 24 poisoned darts
Armour
 g - the +1 pair of gloves of the Furies (worn) {rElec rF+ Regen+ Int+4}
   (You acquired it on level 5 of the Dungeon)

   Int:       It affects your intelligence (+4).
   rF:        It protects you from fire.
   rElec:     It insulates you from electricity.
   Regen:     It increases your rate of health regeneration.
 j - a +2 helmet (worn)
 k - a +1 robe of the Archmagi (worn)
 t - a +0 cloak (worn)
 u - a +0 pair of gloves
 A - a +2 kite shield (worn)
 M - a +0 pair of boots (worn)
Magical Staves
 n - a staff of earth
Jewellery
 q - a +6 ring of dexterity (left hand)
 r - a ring of protection from fire
 v - a ring of willpower
 y - a +6 ring of dexterity
 D - a +6 ring of strength (right hand)
 H - a ring of protection from cold
 J - an amulet of faith (around neck)
 K - a ring of ice
 N - an amulet of faith
 S - a +4 ring of slaying
Wands
 p - a wand of charming (25)
 w - a wand of flame (95)
 E - a wand of polymorph (5)
 G - a wand of digging (14)
 I - a wand of mindburst (6)
Scrolls
 d - 5 scrolls of vulnerability
 f - 4 scrolls of enchant weapon
 m - 8 scrolls of poison
 o - 3 scrolls of amnesia
 C - a scroll of silence
 L - 4 scrolls of identify
 O - 6 scrolls of fear
 T - a scroll of enchant armour
Potions
 b - 3 potions of degeneration
 c - 2 potions of mutation
 e - a potion of flight
 l - 4 potions of curing
 s - a potion of invisibility
 x - a potion of berserk rage
 z - 4 potions of brilliance
 F - 4 potions of lignification
 Q - a potion of attraction


   Skills:
 - Level 1.7 Dodging
 - Level 1.7 Stealth
 - Level 5.0 Shields
 + Level 12.2 Spellcasting
 + Level 13.2 Conjurations
 + Level 12.3 Fire Magic


You had 23 spell levels left.
You knew the following spells:

 Your Spells              Type           Power      Damage    Failure   Level
a - Foxfire               Conj/Fire      100%       2x1d9     1%          1
b - Scorch                Fire           100%       2d9       1%          2
c - Flame Wave            Conj/Fire      87%        2d19      1%          4
d - Starburst             Conj/Fire      43%        6d12      2%          6

Your spell library contained the following spells:

 Spells                   Type           Power      Damage    Failure   Level
 Irradiate                Conj/Tmut      32%        3d22      5%          5
 Dazzling Flash           Conj/Hex       100%       N/A       1%          3
 Hailstorm                Conj/Ice       64%        3d14      1%          3
 Inner Flame              Hex/Fire       62%        N/A       1%          3
 Volatile Blastmotes      Fire/Tloc      100%       2d18      1%          3
 Iskenderun's Mystic Bla  Conj/Tloc      64%        2d13      1%          4
 Freeze                   Ice            92%        1d9       3%          1
 Frozen Ramparts          Ice            46%        1d7       9%          3
 Necrotise                Necr           92%        1d8       11%         1
 Ozocubu's Armour         Ice            23%        N/A       32%         3
 Vampiric Draining        Necr           23%        2d7       32%         3
 Ice Form                 Ice/Tmut       23%        N/A       71%         4
 Summon Ice Beast         Ice/Summ       23%        N/A       71%         4
 Agony                    Necr           23%        N/A       96%         5
 Metabolic Englaciation   Hex/Ice        11%        N/A       96%         5
 Summon Mana Viper        Hex/Summ       23%        N/A       96%         5
 Simulacrum               Ice/Necr       11%        N/A       100%        6
 Monstrous Menagerie      Summ           11%        N/A       100%        7


Dungeon Overview and Level Annotations

Branches:
Dungeon (11/15)            Temple (1/1) D:5            Lair (4/5) D:11
  Swamp (0/4) Lair:3        Snake (0/4) Lair:3        IceCv (1/1)
  Slime: Lair:4-5       Orc: D:9-12

Altars:
Ashenzari
Cheibriados
Dithmenos
Fedhas
Gozag
Hepliaklqana
Kikubaaqudgha
Makhleb
Nemelex Xobeh
Okawaru
Qazlal
Ru
Sif Muna
Trog
Uskayaw
Vehumet
Wu Jian
Xom
Yredelemnul

Shops:
D:1 [   D:6 =


Innate Abilities, Weirdness & Mutations

You are completely covered in slimy green scales. (AC +4, rPois)
You sometimes gain power by taking damage.
When hurt, damage is shared between your health and your magic reserves.
You regenerate magic rapidly.
Your touch may inflict irresistible damage on your foes.
You have sharp toenails.
You are frail. (-10% HP)


Message History

Confirm with . or Enter, or press ? or * to list all spells.
You don't have enough magic to cast this spell.
Casting: Starburst (dangerous; 2% risk of failure)
Confirm with . or Enter, or press ? or * to list all spells.
You feel a surge of power!
Flames lash the bog body.
The bog body resists.
The bog body is almost destroyed.
The bog body's fire resistance burns away.
The bog body touches you!
* * * LOW HITPOINT WARNING * * *
You focus on the pain.
You feel your power returning. The bog body freezes you!!
* * * LOW HITPOINT WARNING * * *
You focus on the pain.
You feel agile all of a sudden.
The bog body gestures at you while chanting.
You resist with significant effort.
Okay, then.
Blink to where?
Press: ? - help, Dir - move target
As you read the scroll of blinking, it crumbles to dust.
You feel yourself speed up.
The bog body points at you and mumbles some strange words.
You resist with significant effort. 2 harpy simulacra come into view.
Your magical contamination has completely faded away.
There is an open door here.
The harpy simulacrum claws you.
* * * LOW HITPOINT WARNING * * *
The harpy simulacrum freezes you!
* * * LOW HITPOINT WARNING * * *
The harpy simulacrum claws you but does no damage.
Okay, then.
You can't see any enemies this would affect, really read the scroll of fear?
Okay, then.
You feel better. The harpy simulacrum barely misses you.
You block the harpy simulacrum's attack.
The harpy simulacrum barely misses you. x2
The bog body casts a spell at you. The bolt of cold hits you!!!
You die...

#.##'##.# #
).(#.# #.⌠.#.# ##
#[):#.##
###8.#####.8####
...............#
######n######'#
#Z'.......'.#.#
###.8.@Z8.###.#
#.'.......+ #.#
#.###.8...8.###.#
#.'...........'.#
#.###.8...8.###.#
#.'.......'.#.#
###.8...8.###.#
#.'.......'.#.#
###'#...#'###'#


You could see a bog body and 2 harpy simulacra.

Vanquished Creatures
  A yaktaur captain (D:10)
  Fannar (D:10)
  A hydra (Lair:2)
  A centaur warrior (D:10)
  2 boulder beetles
  2 two-headed ogres
  A skyshark (Lair:3)
  4 lindwurms (Lair:3)
  A necromancer (IceCv)
  3 black mambas
  Maurice (D:8)
  10 elephants
  2 ice statues (IceCv)
  4 cane toads
  Maggie (D:8)
  2 unseen horror zombies (D:9)
  A gargoyle (D:10)
  2 kobold demonologists
  A freezing wraith (IceCv)
  Psyche (D:8)
  A rime drake (Lair:2)
  2 anaconda simulacra (IceCv)
  2 komodo dragons (Lair:3)
  3 ice devils (IceCv)
  A polar bear (Lair:3)
  3 trolls
  A hornet (D:9)
  Grinder (D:5)
  Prince Ribbit (D:6)
  A vampire (D:10)
  19 yaks
  A wyvern (Lair:1)
  4 dire elephant simulacra (IceCv)
  Eustachio (D:4)
  3 wraiths
  A basilisk (Lair:1)
  5 vampire mosquitoes
  2 chaos spawn (D:8)
  2 steam dragons
  2 wargs (D:11)
  A hydra simulacrum (IceCv)
  3 nagas (Lair:3)
  An acid dragon (D:10)
  10 water moccasins
  2 sky beasts
  5 orc warriors
  2 ice beasts
  3 black bears
  2 ogres
  16 wolves
  6 centaurs
  3 kobold brigands
  Blork the orc (D:6)
  8 bullfrogs
  A two-headed ogre simulacrum (IceCv)
  5 gnoll sergeants
  A wyvern zombie (D:9)
  A scorpion (D:7)
  5 wights
  16 killer bees
  An electric eel (Lair:3)
  5 howler monkeys
  2 centaur zombies (D:9)
  6 hounds
  A human zombie (D:9)
  12 orc priests
  4 gnoll boudas
  3 jellies
  5 iguanas
  A sleepcap (D:3)
  14 orc wizards
  A wolf simulacrum (IceCv)
  A killer bee zombie (D:9)
  2 mummies (D:9)
  A howler monkey zombie (D:9)
  40 gnolls
  7 adders
  A naga simulacrum (IceCv)
  2 shadow imps (D:7)
  3 white imps
  3 ufetubi
  2 worms
  2 dart slugs
  46 orcs
  4 endoplasms
  A giant cockroach (D:1)
  6 goblins
  7 hobgoblins
  8 jackals
  6 quokkas
  6 ball pythons
  3 bats
  3 frilled lizards
  18 kobolds
  6 rats
423 creatures vanquished.

Vanquished Creatures (collateral kills)
  16 foxfires
16 creatures vanquished.

Vanquished Creatures (others)
  1890 foxfires
1890 creatures vanquished.

Grand Total: 2329 creatures vanquished

Notes
Turn   | Place    | Note
-------+----------+-------------------------------------------
     0 | D:1      | Pepete the Demonspawn Fire Elementalist began the quest for
                  | the Orb.
     0 | D:1      | Reached XP level 1. HP: 13/13 MP: 3/3
   491 | D:1      | You fall into a shaft and drop 1 floor!
   678 | D:1      | Found Xadairphihud's Antique Armour Shop.
   829 | D:1      | Gained mutation: You are partially covered in slimy green
                  | scales. (AC +2) [demonic ancestry]
   829 | D:1      | Reached XP level 2. HP: 19/19 MP: 0/5
  2128 | D:1      | Learned a level 2 spell: Scorch
  2378 | D:2      | Gained mutation: You sometimes gain a little power by
                  | taking damage. [demonic ancestry]
  2378 | D:2      | Reached XP level 3. HP: 24/24 MP: 2/6
  2826 | D:2      | Reached skill level 2 in Conjurations
  3004 | D:2      | Gained mutation: Your touch may inflict minor irresistible
                  | damage on your foes. [demonic ancestry]
  3004 | D:2      | Reached XP level 4. HP: 29/30 MP: 2/8
  5299 | D:3      | Reached skill level 3 in Conjurations
  5299 | D:3      | Gained mutation: You are mostly covered in slimy green
                  | scales. (AC +3) [demonic ancestry]
  5299 | D:3      | Reached XP level 5. HP: 17/35 MP: 4/9
  8358 | D:1      | Bought a glowing robe for 99 gold pieces
  9065 | D:4      | Noticed Eustachio
  9073 | D:4      | Killed Eustachio
  9074 | D:4      | Reached XP level 6. HP: 41/41 MP: 2/11
  9600 | D:4      | Found a burning altar of Makhleb.
  9612 | D:4      | Found a bloodstained altar of Trog.
 10119 | D:4      | Reached skill level 4 in Conjurations
 10791 | D:5      | Entered Level 5 of the Dungeon
 10826 | D:5      | Noticed a water moccasin
 10830 | D:5      | Killed a water moccasin
 10831 | D:5      | Gained mutation: You regenerate magic rapidly. [demonic
                  | ancestry]
 10831 | D:5      | Reached XP level 7. HP: 46/46 MP: 7/13
 11057 | D:5      | Reached skill level 5 in Fire Magic
 11342 | D:5      | Reached skill level 5 in Conjurations
 11709 | D:5      | Reached skill level 5 in Spellcasting
 11953 | D:5      | Found a staircase to the Ecumenical Temple.
 12031 | Temple   | Entered the Ecumenical Temple
 12287 | D:5      | Reached XP level 8. HP: 52/52 MP: 9/15
 12795 | D:5      | Found a hazy altar of Hepliaklqana.
 12795 | D:5      | Found a sacrificial altar of Ru.
 12951 | D:5      | Found a shimmering altar of Xom.
 13505 | D:5      | Found a radiant altar of Vehumet.
 13573 | D:5      | Identified a scroll of acquirement
 13573 | D:5      | Acquired the +1 pair of gloves of the Furies {rElec rF+
                  | Regen+ Int+4}
 13965 | D:5      | Became a worshipper of Vehumet
 14030 | D:6      | Noticed Grinder
 14038 | D:5      | Killed Grinder
 14301 | D:6      | Reached skill level 6 in Conjurations
 14988 | D:6      | Learned a level 4 spell: Flame Wave
 14995 | D:6      | Learned a level 6 spell: Starburst
 15344 | D:6      | Reached * piety under Vehumet
 15344 | D:6      | Offered knowledge of Sandblast by Vehumet.
 15563 | D:6      | Found Xeilul's Jewellery Emporium.
 16167 | D:6      | Reached XP level 9. HP: 57/57 MP: 11/18
 16171 | D:5      | Found a hide-covered altar of Uskayaw.
 16583 | D:6      | Reached skill level 7 in Conjurations
 17124 | D:6      | Noticed Blork the orc
 17130 | D:6      | Killed Blork the orc
 17404 | D:6      | Noticed Prince Ribbit
 17410 | D:6      | Killed Prince Ribbit
 17700 | D:6      | Offered knowledge of Freeze by Vehumet.
 17809 | D:6      | Reached ** piety under Vehumet
 18098 | D:6      | Reached skill level 8 in Conjurations
 18321 | D:6      | Gained mutation: Your flesh is heat resistant. (rF+)
                  | [potion of mutation]
 18321 | D:6      | Gained mutation: You have a pair of small horns on your
                  | head. [potion of mutation]
 19915 | D:8      | Noticed Maggie
 20051 | D:7      | Gained mutation: When hurt, damage is shared between your
                  | health and your magic reserves. [demonic ancestry]
 20051 | D:7      | Reached XP level 10. HP: 55/63 MP: 17/21
 20171 | D:8      | Killed Maggie
 20666 | D:8      | Noticed Maurice
 20675 | D:8      | Killed Maurice
 20714 | D:8      | Noticed a two-headed ogre
 21039 | D:8      | Noticed Psyche
 21046 | D:8      | Killed Psyche
 21047 | D:8      | Reached skill level 9 in Conjurations
 21103 | D:8      | Offered knowledge of Momentum Strike by Vehumet.
 21290 | D:8      | Killed a two-headed ogre
 21517 | D:8      | Found the +7 mace of Variability {chaos, chaos arc}
 21520 | D:8      | Found a shimmering altar of Xom.
 22199 | D:9      | Reached *** piety under Vehumet
 22583 | D:9      | Found an ancient bone altar of Kikubaaqudgha.
 23406 | D:9      | Offered knowledge of Mephitic Cloud by Vehumet.
 23724 | D:9      | Found a sparkling altar of Nemelex Xobeh.
 23725 | D:9      | Found a shimmering blue altar of Sif Muna.
 23771 | D:9      | Gained mutation: You sometimes gain power by taking damage.
                  | [demonic ancestry]
 23771 | D:9      | Reached XP level 11. HP: 68/68 MP: 17/24
 23774 | D:9      | Reached skill level 10 in Conjurations
 24450 | D:9      | Paralysed by a hornet for 1 turns
 24535 | D:9      | Lost mutation: Your flesh is heat resistant. (rF+) [potion
                  | of mutation]
 24535 | D:9      | Lost mutation: You have a pair of small horns on your head.
                  | [potion of mutation]
 24535 | D:9      | Gained mutation: You are occasionally teleported next to
                  | monsters. [potion of mutation]
 24535 | D:9      | Gained mutation: You occasionally shout uncontrollably at
                  | your foes. [potion of mutation]
 24535 | D:9      | Gained mutation: You have sharp toenails. [potion of
                  | mutation]
 24536 | D:9      | Lost mutation: You occasionally shout uncontrollably at
                  | your foes. [potion of mutation]
 24536 | D:9      | Lost mutation: You are occasionally teleported next to
                  | monsters. [potion of mutation]
 24536 | D:9      | Gained mutation: You are frail. (-10% HP) [potion of
                  | mutation]
 24761 | D:10     | Entered Level 10 of the Dungeon
 25866 | D:10     | Noticed Fannar
 25877 | D:10     | Killed Fannar
 25878 | D:10     | Reached skill level 10 in Fire Magic
 26338 | D:10     | Reached skill level 10 in Spellcasting
 26562 | D:10     | Found a broken altar of Ashenzari.
 26568 | D:10     | Found an opulent altar of Gozag.
 26943 | D:10     | Noticed a two-headed ogre
 26950 | D:10     | Killed a two-headed ogre
 26951 | D:10     | Reached skill level 11 in Conjurations
 27045 | D:10     | Noticed a boulder beetle
 27062 | D:10     | Killed a boulder beetle
 27332 | D:10     | Noticed a yaktaur captain
 27332 | D:10     | Noticed a centaur warrior
 27341 | D:10     | Killed a yaktaur captain
 27543 | D:10     | Identified the staff of earth "Gupn" {*Corrode rElec Dex+2
                  | SInv}
 27582 | D:10     | Killed a centaur warrior
 27781 | D:10     | Found a stormy altar of Qazlal.
 28284 | D:11     | Reached **** piety under Vehumet
 28496 | D:11     | Gained mutation: Your touch may inflict irresistible damage
                  | on your foes. [demonic ancestry]
 28496 | D:11     | Reached XP level 12. HP: 66/66 MP: 17/26
 28991 | D:11     | Noticed a boulder beetle
 29004 | D:11     | Killed a boulder beetle
 29253 | D:11     | Offered knowledge of Sticky Flame by Vehumet.
 29825 | D:11     | Found a staircase to the Lair.
 31219 | Lair:1   | Entered Level 1 of the Lair of Beasts
 32020 | Lair:1   | Reached skill level 12 in Conjurations
 33257 | Lair:2   | Noticed an eight-headed hydra
 33268 | Lair:2   | Killed an eight-headed hydra
 35153 | Lair:2   | Reached ***** piety under Vehumet
 35483 | Lair:2   | Acquired a +2 eveningstar of protection
 35652 | Lair:3   | Offered knowledge of Irradiate by Vehumet.
 35653 | Lair:3   | Reached skill level 1 in Shields
 36761 | Lair:3   | Found a staircase to the Swamp.
 36771 | Lair:3   | Gained mutation: You are completely covered in slimy green
                  | scales. (AC +4, rPois) [demonic ancestry]
 36771 | Lair:3   | Reached XP level 13. HP: 71/71 MP: 22/28
 38121 | Lair:3   | Reached skill level 13 in Conjurations
 38779 | Lair:3   | Found a staircase to the Snake Pit.
 38881 | Lair:4   | Identified the +4 rapier "Sylair" {drain, Str+3 Dex+4}
 38938 | Lair:4   | Found a frozen archway.
 38947 | IceCv    | Entered an ice cave
 41093 | IceCv    | Reached skill level 5 in Shields
 41107 | IceCv    | Killed from afar by a bog body

Illustrated notes

Levels and vault maps discovered:
D:1:      zaba_arrival_water, layout_rooms, serial_shops, shop, minivault_27,
          hex_large, nicolae_kite_square_tiling_tiny,
          chequers_serial_rivers_room_a
D:2:      layout_loops_corners, minmay_misc_feat_room, minmay_misc_feat_columns
D:3:      layout_basic
D:4:      layout_cave_pools, mainiacjoe_overflow_large_starburst, uniq_eustachio
D:5:      layout_rooms, general_overflow_altar, nicolae_overflow_hidden_temple,
          temple_pool_b, nicolae_hexahallways
D:6:      layout_cave_pools, serial_gnoll_camp, gnoll_camp_medium_01,
          gnoll_camp_mini_loothouse, gnoll_camp_mini_basic,
          gnoll_camp_huts_basic, gnoll_camp_mini_shop, minmay_quadrilaterals,
          uniq_blork_the_orc, uniq_grinder, uniq_prince_ribbit1
D:7:      layout_loops_ring
D:8:      layout_rooms, nicolae_tso_carved_into_rock,
          minmay_guarded_unrand_variability, uniq_maggie, uniq_maurice,
          uniq_psyche
D:9:      layout_basic, lemuel_mausoleum_altar_kikubaaqudgha,
          grunt_temple_overflow_open
D:10:     nzn_winding_woodlands_cross [nzn_winding_woodlands_5x15_parted,
          nzn_winding_woodlands_5x15_lazy_stream,
          nzn_winding_woodlands_5x15_pool, nzn_winding_woodlands_5x15_default,
          nzn_winding_woodlands_15x15_boxy_spiral], layout_gridville,
          lemuel_coloured_pillars_altar, amethyst_overflow_temple_binary,
          uniq_fannar
D:11:     layout_roguey, erik_lair_orcish_takeover
Temple:   hellmonk_temple_micro_hex
Lair:1:   layout_chaotic_city
Lair:2:   layout_regular_city, beast_lair_carwin_1
Lair:3:   layout_regular_city, swamp_mist, nicolae_snake_entry_squirm,
          nicolae_lair_lindhole, grunt_megastairs_2, infiniplex_staircase_pool
Lair:4:   gammafunk_worm_tunnel, layout_cave_pods,
          portal_ice_cave_entry_pillars_1
IceCv:    ice_cave_tombish

Skill      XL: |  1  2  3  4  5  6  7  8  9 10 11 12 13 |
---------------+----------------------------------------+-----
Fire Magic     | 3 4 5 6 8 9 10 12 | 12.3
Conjurations   | 2 3 4 5 6 8 9 11 12 13 | 13.2
Spellcasting   | 3 4 5 6 7 9 10 11 12 | 12.2
Shields        | 2 5 |  5.0
Dodging        | |  1.7
Stealth        | |  1.7

Action                     |  1- 3 |  4- 6 |  7- 9 | 10-12 | 13-15 || total
---------------------------+-------+-------+-------+-------+-------++-------
  Melee: Unarmed           |     1 |       |       |       |       ||     1
   Cast: Foxfire           |    58 |   137 |   371 |   456 |    91 ||  1113
         Scorch            |       |    32 |    65 |   133 |    18 ||   248
         Starburst         |       |       |       |    77 |    36 ||   113
         Flame Wave        |       |       |       |     1 |       ||     1
    Use: Scroll            |     4 |     3 |     5 |    13 |     4 ||    29
         Potion            |     1 |     1 |     3 |     5 |     2 ||    12
 Armour: Robe              |    11 |     7 |    41 |    93 |     6 ||   158
  Dodge: Dodged            |    35 |    25 |    78 |   144 |     9 ||   291
  Block: Kite shield       |       |       |       |    23 |    20 ||    43
